 Dungeon Crawl Stone Soup version 0.26-a0-812-g31a745ddcd (webtiles) character file.

Game seed: 14881431972577896813

46 nicanaca0 the Firebug (level 3, 0/28 HPs)
             Began as a Hill Orc Fire Elementalist on Nov 22, 2020.
             Succumbed to an adder's poison
             ... on level 1 of the Dungeon.
             The game lasted 00:04:11 (1662 turns).

nicanaca0 the Firebug (Hill Orc Fire Elementalist)  Turns: 1662, Time: 00:04:12

Health: 0/28       AC:  2    Str: 10    XL:     3   Next: 66%
Magic:  2/5        EV: 12    Int: 16    God:
Gold:   51         SH:  0    Dex: 11    Spells: 4/5 levels left

rFire    + . .     SeeInvis .   b - +0 whip
rCold    . . .     Faith    .   (no shield)
rNeg     . . .     Spirit   .   a - +0 robe
rPois    .         Reflect  .   (no helmet)
rElec    .         Harm     .   (no cloak)
rCorr    .         Rampage  .   (no gloves)
MR       .....                  (no boots)
Stlth    ++........             (no amulet)
HPRegen  0.09/turn              c - ring of protection from fire
MPRegen  0.09/turn              (no ring)

@: lethally poisoned (0 -> -3)
A: no striking features
a: no special abilities


You were on level 1 of the Dungeon.
You visited 1 branch of the dungeon, and saw 2 of its levels.

You collected 51 gold pieces.

Inventory:

Hand Weapons
 b - a +0 whip (weapon)
Armour
 a - a +0 robe (worn)
 e - a cursed +0 kite shield
Jewellery
 c - a ring of protection from fire (left hand)
 d - a cursed -4 ring of strength {unknown}
Scrolls
 f - a scroll of remove curse {unknown}
 g - a scroll of enchant weapon {unknown}
 h - a scroll of enchant armour {unknown}


   Skills:
 + Level 1.3 Fighting
 - Level 1.5 Dodging
 - Level 1.5 Stealth
 + Level 1.8 Spellcasting
 * Level 2.0 Conjurations
 * Level 3.9 Fire Magic


You had 4 spell levels left.
You knew the following spells:

 Your Spells              Type           Power        Failure   Level
a - Foxfire               Conj/Fire      ##..         6%          1

Your spell library contained the following spells:

 Spells                   Type           Power        Failure   Level
 Conjure Flame            Conj/Fire      ##......     19%         3
 Inner Flame              Hex/Fire       #.......     28%         3
 Sticky Flame             Conj/Fire      ##......     52%         4
 Fireball                 Conj/Fire      ##........   86%         5


Dungeon Overview and Level Annotations

Branches:
Dungeon (2/15)

Altars:


Message History

The adder is moderately wounded.
The adder misses you.
Casting: Foxfire (safe; 6% risk of failure)
Confirm with . or Enter, or press ? or * to list all spells.
You conjure some foxfire!
You feel sick. The adder bites you but does no damage.
The adder closely misses you.
The foxfire hits the adder.
The adder is moderately wounded.
The adder closely misses you.
Your foxfire dissipates!
You feel sick.
You aren't carrying any potions.
Casting: Foxfire (safe; 6% risk of failure)
Confirm with . or Enter, or press ? or * to list all spells.
You conjure some foxfire!
The adder bites you but does no damage. The adder bites you.
* * * LOW HITPOINT WARNING * * *
The adder completely misses you.
Your foxfire dissipates!
You die...

....######...# #.#### ##).# #§☼.#
#####....# ....# #§☼§# #......#.#
##### ....## #°☼§#
#......#.###.... .....##
#...#####......#...#.### ..[...#
#......#.......###.#.###
....######......#§......#........
..#.............§############.###
................@.S............>#
....#.#.....#.#..###.########.#.#
#.....#.......#### #.# #...#
#)...#######'## #.# ##### #....#
#...# #.# ..#..# #...# #.# .....#
###...### #.# ####.# #.......#
#.# ...#.####.......####.#


You could see an adder.

Vanquished Creatures
  An adder (D:1)
  A dart slug (D:1)
  A leopard gecko (D:1)
  2 giant cockroaches (D:1)
  2 hobgoblins (D:1)
  4 jackals (D:1)
  2 bats (D:1)
  3 frilled lizards (D:1)
  7 goblins (D:1)
  A kobold (D:1)
  11 rats (D:1)
35 creatures vanquished.

Vanquished Creatures (others)
  105 foxfires (D:1)
105 creatures vanquished.

Grand Total: 140 creatures vanquished

Notes
Turn   | Place    | Note
-------+----------+-------------------------------------------
     0 | D:1      | nicanaca0 the Hill Orc Fire Elementalist began the quest
                  | for the Orb.
     0 | D:1      | Reached XP level 1. HP: 14/14 MP: 3/3
   278 | D:1      | Reached XP level 2. HP: 22/22 MP: 1/4
   529 | D:1      | Reached skill level 1 in Fighting
   832 | D:1      | Reached XP level 3. HP: 28/28 MP: 3/5
  1660 | D:1      | HP: 1/28 [adder (4)]
  1662 | D:1      | Succumbed to an adder's poison

Illustrated notes

Levels and vault maps discovered:
D:1:      minmay_arrival_cross, layout_basic, minmay_misc_feat_nine_boxes,
          lemuel_flame_loot_1
D:2:      layout_basic, nicolae_overflow_hidden_temple

Skill      XL: |  1  2  3 |
---------------+----------+-----
Fighting       | 1 |  1.3
Conjurations   | 2 |  2.0
Dodging        | |  1.5
Stealth        | |  1.5
Spellcasting   | |  1.8
Fire Magic     | |  3.9

Action                   || total
-------------------------++-------
Melee: Whip              ||    16
 Cast: Foxfire           ||    64
Armor: Robe              ||    14
Dodge: Dodged            ||    65

Table legend: (Time is in decaauts)
 A = Elapsed time spent in this place.
 B = Non-inter-level travel time spent in this place.
 C = Inter-level travel time spent in this place.
 D = Time resting spent in this place.
 E = Time spent auto-exploring this place.
 F = Levels seen in this place.
 G = Mean time per level.
                   A        B        C        D        E       F      G
               +--------+--------+--------+--------+--------+-----+--------+
         Total |   1663 |   1609 |     54 |    222 |    969 |   2 |  831.5 |
       Dungeon |   1663 |   1609 |     54 |    222 |    969 |   2 |  831.5 |
               +--------+--------+--------+--------+--------+-----+--------+

Top non-repeatable levels by time:
     D:1: 1651 daAuts
     D:2: 12 daAuts
